 Dungeon Crawl Stone Soup version 0.29-a0-775-g4d7333d4e2 (webtiles) character file.

Game seed: 6562226805067558475

478 Anon1729 the Ruffian (level 6, -1/56 HPs)
             Began as a Minotaur Monk on July 1, 2022.
             Slain by a vampire mosquito (7 damage)
             ... summoned by the darkness of Dithmenos
             ... on level 5 of the Dungeon.
             The game lasted 00:04:36 (3718 turns).

Anon1729 the Ruffian (Minotaur Monk)                Turns: 3718, Time: 00:04:37

Health: -1/56      AC:  7    Str: 18    XL:     6   Next: 86%
Magic:  5/5        EV: 13    Int:  7    God:
Gold:   147        SH:  5    Dex: 12    Spells: 5/5 levels left

rFire   . . .      SeeInvis .     - Unarmed
rCold   . . .      Faith    .   (no shield)
rNeg    . . .      Spirit   .   a - +0 robe
rPois   .          Reflect  +   (helmet restricted)
rElec   .          Harm     .   e - +0 cloak
rCorr   .          Rampage  .   (no gloves)
Will    .....                   (no boots)
Stlth   ++........              c - amulet of reflection
HPRegen 0.18/turn               g - +4 ring of protection
MPRegen 0.09/turn               (no ring)

@: brilliant, attractive, hasted, invisible, very quick
A: horns 2, retaliatory headbutt
a: no special abilities


You were on level 5 of the Dungeon.
You visited 1 branch of the dungeon, and saw 5 of its levels.

You collected 147 gold pieces.

Inventory:

Armour
 a - a +0 robe (worn)
 e - a +0 cloak (worn)
Jewellery
 c - an amulet of reflection (around neck)
 g - a +4 ring of protection (left hand)
 l - an amulet of magic regeneration
Scrolls
 b - a scroll of teleportation
 h - 2 scrolls of fear {unknown}
 k - 2 scrolls of identify {unknown}
 n - a scroll of magic mapping {unknown}
 o - a scroll of brand weapon {unknown}
 p - 2 scrolls of enchant weapon {unknown}
Potions
 d - 2 potions of heal wounds
 f - a potion of haste


   Skills:
 + Level 5.1 Fighting
 * Level 4.4 Armour
 + Level 4.5 Dodging
 - Level 1.9 Stealth
 * Level 5.6 Unarmed Combat


You had 5 spell levels left.
You didn't know any spells.
Your spell library contained the following spells:

 Spells                   Type           Power      Damage    Failure   Level
 Sting                    Tmut/Pois      0%         1d3       43%         1
 Poisonous Vapours        Pois/Air       0%         N/A       56%         2
 Corpse Rot               Necr/Pois/Air  0%         N/A       99%         4
 Olgreb's Toxic Radiance  Pois           0%         N/A       99%         4


Dungeon Overview and Level Annotations

Branches:
Dungeon (5/15)             Temple (0/1) D:4

Altars:
Dithmenos
Xom

Shops:
D:4 =

Annotations:
D:5 exclusion: water moccasin


Innate Abilities, Weirdness & Mutations

You have a pair of horns on your head.
You reflexively headbutt those who attack you in melee.


Message History

You destroy the vampire mosquito!
The vampire mosquito's corpse disappears in a puff of smoke!
You closely miss the vampire mosquito. The vampire mosquito misses you.
You catch the helpless vampire mosquito completely off-guard!
You hit the vampire mosquito.
Your headbutt misses the vampire mosquito.
You punch the vampire mosquito!
The vampire mosquito is moderately damaged.
The howler monkey is attracted toward you.
The vampire mosquito is attracted toward you.
You hit the howler monkey but do no damage.
The howler monkey hoots and howls with incredible vigour!
You hear a shout!
You punch the howler monkey! You headbutt the howler monkey.
The howler monkey is heavily wounded.
The howler monkey hits you.
* * * LOW HITPOINT WARNING * * *
You punch the howler monkey!
You kill the howler monkey!
The howler monkey's corpse disappears in a puff of smoke!
You closely miss the vampire mosquito.
The vampire mosquito is moderately damaged.
The vampire mosquito barely misses you. You furiously retaliate!
You headbutt the vampire mosquito!
You hit the vampire mosquito but do no damage.
The vampire mosquito is severely damaged.
The vampire mosquito bites you.
* * * LOW HITPOINT WARNING * * *
The vampire mosquito draws strength from your injuries!
You barely miss the vampire mosquito.
The vampire mosquito is severely damaged.
The vampire mosquito bites you.
* * * LOW HITPOINT WARNING * * *
The vampire mosquito draws strength from your injuries!
You closely miss the vampire mosquito.
Your headbutt misses the vampire mosquito.
Your punch misses the vampire mosquito.
The vampire mosquito is heavily damaged.
The vampire mosquito bites you!
You die...

#.##...# #.##.# #.##...#
#....# # #.##...# #....#
#.#.##...# #....#
#.#.##...##### #.##.#
#...........). ........
#.#.##############.##.#.#
#.#.##...###)....#.##.#.#
#>.......y@))....+..... .
###.##...###.....#
#.#.....##.....#
#.#.....#......'..
#.#.....#.######.. .
#.#######. . . #.# #.
##### # #+# #. ##...###
##.....##


You could see a vampire mosquito (summoned, unable to see you).

Vanquished Creatures
  A shadow (D:5)
  A phantom (D:5)
  A scorpion (D:5)
  An orc priest (D:5)
  A hound (D:5)
  A bouda (D:5)
  An iguana (D:4)
  2 orc wizards (D:3)
  3 gnolls (D:5)
  6 adders
  An ufetubus (D:5)
  2 worms (D:2)
  2 dart slugs
  5 orcs
  12 bats
  4 endoplasms
  4 giant cockroaches
  7 goblins
  11 hobgoblins
  6 quokkas
  3 ball pythons
  3 frilled lizards
  4 kobolds
  7 rats
89 creatures vanquished.

Notes
Turn   | Place    | Note
-------+----------+-------------------------------------------
     0 | D:1      | Anon1729 the Minotaur Monk began the quest for the Orb.
     0 | D:1      | Reached XP level 1. HP: 19/19 MP: 0/0
    86 | D:1      | Reached XP level 2. HP: 21/27 MP: 1/1
   614 | D:1      | Reached XP level 3. HP: 29/33 MP: 2/2
   808 | D:2      | Reached skill level 1 in Armour
  1552 | D:2      | Reached XP level 4. HP: 36/40 MP: 3/3
  1885 | D:3      | HP: 2/41 [orc wizard/+0 dagger (3)]
  2053 | D:3      | Reached XP level 5. HP: 47/47 MP: 4/4
  2250 | D:3      | Found a shimmering altar of Xom.
  2528 | D:3      | Found a faded altar of an unknown god.
  2647 | D:3      | Prayed at the altar of an unknown god.
  2647 | D:3      | Became a worshipper of Dithmenos the Shadowed
  2647 | D:3      | Reached * piety under Dithmenos
  2647 | D:3      | Reached ** piety under Dithmenos
  2678 | D:4      | Found Plog's Jewellery Shoppe.
  2709 | D:4      | Found a staircase to the Ecumenical Temple.
  3098 | D:5      | Entered Level 5 of the Dungeon
  3146 | D:5      | Reached *** piety under Dithmenos
  3188 | D:5      | Reached skill level 5 in Unarmed Combat
  3188 | D:5      | Reached XP level 6. HP: 35/55 MP: 5/5
  3388 | D:5      | Fell from the grace of Dithmenos
  3418 | D:5      | Noticed a water moccasin
  3446 | D:5      | Reached skill level 5 in Fighting
  3491 | D:5      | Noticed a shadow
  3491 | D:5      | Noticed a shadow
  3491 | D:5      | Noticed a shadow
  3596 | D:5      | Killed a shadow
  3679 | D:5      | Noticed a vampire mosquito
  3679 | D:5      | Noticed a vampire mosquito
  3718 | D:5      | Slain by a vampire mosquito

Illustrated notes

Levels and vault maps discovered:
D:1:      amcnicky_arrival_flooded_fountain, layout_basic
D:2:      layout_basic
D:3:      layout_loops_ring, mainiacjoe_overflow_brackets,
          shapermc_ecumenical_altar_ellora
D:4:      layout_rooms, minmay_temple_entry_from_below_a, serial_shops,
          nicolae_shop_temple_entry_statues_fountains, serial_bayou_lagoon_a,
          minmay_misc_feat_five
D:5:      kennysheep_six_static_rooms, layout_basic, uniq_pikel

Skill      XL: |  1  2  3  4  5  6 |
---------------+-------------------+-----
Fighting       | 4 5 |  5.1
Armour         | 1 2 3 4 |  4.4
Unarmed Combat | 4 5 |  5.6
Dodging        | 4 |  4.5
Stealth        | |  1.9

Action                   |  1- 3 |  4- 6 || total
-------------------------+-------+-------++-------
Melee: Unarmed           |    95 |   191 ||   286
       Headbutt          |    11 |    22 ||    33
       Punch             |     1 |     3 ||     4
Invok: Renounce Religion |       |     1 ||     1
  Use: Potion            |       |     8 ||     8
       Scroll            |       |     1 ||     1
 Stab: Sleeping          |     6 |     5 ||    11
       Distracted        |       |     1 ||     1
       Invisible         |       |     2 ||     2
Armor: Robe              |    19 |    51 ||    70
Dodge: Dodged            |    71 |    85 ||   156
Block: Other             |    20 |    30 ||    50

Table legend: (Time is in decaauts)
 A = Elapsed time spent in this place.
 B = Non-inter-level travel time spent in this place.
 C = Inter-level travel time spent in this place.
 D = Time resting spent in this place.
 E = Time spent auto-exploring this place.
 F = Levels seen in this place.
 G = Mean time per level.
                   A        B        C        D        E       F      G
               +--------+--------+--------+--------+--------+-----+--------+
         Total |   3690 |   3507 |    183 |    259 |   2631 |   5 |  738.0 |
       Dungeon |   3690 |   3507 |    183 |    259 |   2631 |   5 |  738.0 |
               +--------+--------+--------+--------+--------+-----+--------+

Top non-repeatable levels by time:
     D:2: 959 daAuts
     D:3: 911 daAuts
     D:1: 792 daAuts
     D:5: 599 daAuts
     D:4: 425 daAuts
